 Dungeon Crawl Stone Soup version 0.16.1-4-g8e1b745 (console) character file.

40 gw the Charlatan (level 3, -2/20 HPs)
             Began as a Deep Elf Artificer on Mar 28, 2015.
             Slain by an orc zombie (3 damage)
             ... animated by a shadow imp
             ... on level 5 of the Dungeon.
             The game lasted 00:01:13 (1654 turns).

gw the Charlatan (Deep Elf Artificer)               Turns: 1654, Time: 00:01:13

Health: -2/20      AC:  3    Str:  8    XL:     3   Next: 30%
Magic:  7/7        EV: 13    Int: 16    God:
Gold:   80         SH:  0    Dex: 16    Spells: 0 memorised, 2 levels left

rFire  . . .     SeeInvis .     a - +0 short sword
rCold  . . .     Clarity  .     e - +0 leather armour
rNeg   . . .     SustAb   .     (no shield)
rPois  .         Gourm    .     (no helmet)
rElec  .         Spirit   .     (no cloak)
rCorr  .         Warding  .     (no gloves)
rMut   .         Stasis   .     (no boots)
MR     .....                    (no amulet)
Stlth  ++........               (no ring)
                                (no ring)

@: not resistant to hostile enchantments, unstealthy
A: no striking features
a: no special abilities


You were on level 5 of the Dungeon.
You were not hungry.

You visited 1 branch of the dungeon, and saw 5 of its levels.

You collected 80 gold pieces.

Inventory:

Hand weapons
 a - a +0 short sword (weapon)
Armour
 e - a +0 leather armour (worn)
Magical devices
 b - a wand of flame (10)
 c - a wand of enslavement (11)
 d - a wand of random effects (11)
Scrolls
 i - a scroll of magic mapping {unknown}
 l - a scroll of blinking {unknown}
 m - a scroll of identify {unknown}
Potions
 g - 2 potions of heal wounds {unknown}
 h - 2 potions of curing {unknown}
 j - a potion of resistance {unknown}
 k - a potion of might {unknown}


   Skills:
 + Level 1.5 Fighting
 * Level 2.2 Short Blades
 + Level 3.1 Dodging
 - Level 1.2 Stealth
 - Level 3.2 Evocations


You had 2 spell levels left.
You didn't know any spells.

Dungeon Overview and Level Annotations

Branches:
Dungeon (5/15)
 Temple: D:4-7

Altars:


Message History

Unknown command.
ATTACK MOVE TO (-1,0)
You swap places.
Your orc wizard casts a spell.
Your orc wizard seems to speed up.
The orc zombie closely misses you.
Unknown command.
Unknown command.
Unknown command.
Unknown command.
ATTACK MOVE TO (-1,0)
You hit the orc zombie but do no damage.
The orc zombie barely misses you.
Unknown command.
Unknown command.
Unknown command.
Unknown command.
ATTACK MOVE TO (-1,0)
You barely miss the orc zombie. The orc zombie hits you.
You die...

#.#####
#...<.#
#####.# #o#
.#.######o#
.....5oZeo#
.#..#######


You could see a shadow imp, an orc, an orc zombie, a friendly orc wizard and 2
friendly orcs.

Table legend:
 A = Turns spent in this place as a percentage of turns spent in the entire game.
 B = Non-inter-level travel turns spent in this place as a percentage of non-inter-level travel turns spent in the entire game.
 C = Inter-level travel turns spent in this place as a percentage of turns spent in this place.
 D = Turns resting spent in this place as a percentage of non-inter-level travel turns spent in this place.
 E = Turns spent auto-exploring this place as a percentage of non-inter-level travel turns spent in this place.
 F = Non-inter-level travel turns spent in this place divided by the number of levels of this place that you've seen.
                   A       B       C       D       E      F
               +-------+-------+-------+-------+-------+----------------------
         Total | 100.0 | 100.0 |   2.3 |   2.3 |   2.2 | 324.8
       Dungeon | 100.0 | 100.0 |   2.3 |   2.3 |   2.2 | 324.8
               +-------+-------+-------+-------+-------+----------------------

Table legend:
 A = Kills in this place as a percentage of kills in entire the game.
 B = Kills by you in this place as a percentage of kills by you in the entire game.
 C = Kills by friends in this place as a percentage of kills by friends in the entire game.
 D = Other kills in this place as a percentage of other kills in the entire game.
 E = Experience gained in this place as a percentage of experience gained in the entire game.
 F = Experience gained in this place divided by the number of levels of this place that you have seen.
                   A       B       C       D       E      F
               +-------+-------+-------+-------+-------+----------------------
         Total | 100.0 | 100.0 | 100.0 |  -nan | 100.0 |  11.6
       Dungeon | 100.0 | 100.0 | 100.0 |  -nan | 100.0 |  11.6
               +-------+-------+-------+-------+-------+----------------------

Vanquished Creatures
  An adder (D:2)
  A worm (D:2)
  An ooze (D:2)
  4 orcs
  A giant cockroach (D:1)
  2 goblins
  2 hobgoblins
  A kobold (D:2)
  A giant newt (D:2)
14 creatures vanquished.

Vanquished Creatures (collateral kills)
  An adder (D:3)
  A bat (D:3)
2 creatures vanquished.

Grand Total: 16 creatures vanquished

Notes
Turn   | Place    | Note
--------------------------------------------------------------
     0 | D:1      | gw, the Deep Elf Artificer, began the quest for the Orb.
     0 | D:1      | Reached XP level 1. HP: 11/11 MP: 2/2
   451 | D:2      | Reached skill level 1 in Fighting
   451 | D:2      | Reached XP level 2. HP: 14/16 MP: 5/5
   864 | D:3      | Reached XP level 3. HP: 10/20 MP: 7/7
  1635 | D:5      | Entered Level 5 of the Dungeon
  1649 | D:5      | HP: 1/20 [orc/mace of crushing (1)]
  1654 | D:5      | Slain by an orc zombie

Action                   || total
-------------------------++-------
Melee: Short sword       ||    81
Evoke: Wand              ||    13
 Stab: Sleeping          ||     1
  Eat: Bread ration      ||     1

Vault maps used:
D:1:      dpeg_arrival_houses_and_road, minmay_misc_feat_hallway,
          serial_park_tiny_1
D:2:      cheibriados_altar_1, kennysheep_small_spiral
D:3:      grunt_temple_overflow_holy_war, minmay_misc_feat_pillars,
          minmay_misc_feat_more_columns, kennysheep_generic_room_10
D:4:      serial_park_square1, first_bread, dk_yredelemnul_ordeal, uniq_menkaure
